 Dungeon Crawl Stone Soup version 0.26.1-11-gd32895ea62 (webtiles) character file.

Game seed: 10127590975884084025

5562 Gabide the Artisan of Death (level 10, 0/67 HPs)
             Began as a Mummy Necromancer on May 6, 2021.
             Was a Priest of Kikubaaqudgha.
             Slain by a sky beast (5 damage)
             ... on level 10 of the Dungeon.
             The game lasted 00:32:54 (13302 turns).

Gabide the Artisan of Death (Mummy Necromancer)    Turns: 13302, Time: 00:32:56

Health: 0/67       AC:  6    Str: 12    XL:     10   Next: 44%
Magic:  4/23       EV: 13    Int: 18    God:    Kikubaaqudgha [***...]
Gold:   553        SH:  0    Dex: 12    Spells: 13/28 levels left

rFire    . . .     SeeInvis .   b - +4 dagger (elec)
rCold    + + .     Faith    .   (no shield)
rNeg     + + +     Spirit   .   a - +0 robe
rPois    ∞         Reflect  .   f - +2 helmet (curse)
rElec    .         Harm     .   (no cloak)
rCorr    .         Rampage  .   k - +0 pair of gloves
Will     +....                  (no boots)
Stlth    ++........             (no amulet)
HPRegen  0.21/turn              c - ring of protection from fire
MPRegen  0.18/turn              h - ring of protection from cold

@: no status effects
A: no potions, fire vulnerability, cold resistance 1, negative energy resistance
3, torment resistance, unbreathing
a: Renounce Religion, Receive Corpses


You were on level 10 of the Dungeon.
You worshipped Kikubaaqudgha.
Kikubaaqudgha was most pleased with you.
You visited 2 branches of the dungeon, and saw 11 of its levels.

You collected 553 gold pieces.

Inventory:

Hand Weapons
 b - a +4 dagger of electrocution (weapon)
Armour
 a - a +0 robe (worn)
 f - a cursed +2 helmet (worn)
 k - a +0 pair of gloves (worn)
Magical Staves
 u - an uncursed staff of air
Jewellery
 c - a ring of protection from fire (left hand)
 h - a ring of protection from cold (right hand)
 l - an uncursed ring of protection from cold
 s - an uncursed amulet of guardian spirit
 t - an uncursed ring of resist corrosion {unknown}
Wands
 e - a wand of disintegration (18)
 n - a wand of random effects (15)
 p - a wand of paralysis (18)
 q - a wand of iceblast (18)
 r - a wand of polymorph (13)
Scrolls
 d - 11 scrolls of identify
 g - 2 scrolls of teleportation
 i - 3 scrolls of remove curse
 j - a scroll of fog
 m - 2 scrolls of amnesia
 o - 3 scrolls of blinking


   Skills:
 + Level 2.0 Fighting
 + Level 2.3 Short Blades
 + Level 2.8 Dodging
 + Level 2.4 Stealth
 - Level 0.1 Unarmed Combat
 + Level 9.9 Spellcasting
 * Level 12.6 Necromancy


You had 13 spell levels left.
You knew the following spells:

 Your Spells              Type           Power        Failure   Level
a - Pain                  Necr           100%         1%          1
b - Vampiric Draining     Necr           26%          1%          3
c - Animate Dead          Necr           26%          1%          4
d - Agony                 Necr           53%          1%          5
e - Corpse Rot            Necr/Air       N/A          1%          2

Your spell library contained the following spells:

 Spells                   Type           Power        Failure   Level
 Animate Skeleton         Necr           100%         1%          1
 Dispel Undead            Necr           53%          1%          4
 Excruciating Wounds      Necr           26%          1%          5
 Summon Small Mammal      Summ           32%          9%          1
 Call Imp                 Summ           8%           12%         2
 Borgnjor's Vile Clutch   Necr/Erth      15%          17%         5
 Call Canine Familiar     Summ           8%           24%         3
 Summon Guardian Golem    Hex/Summ       8%           24%         3
 Summon Lightning Spire   Summ/Air       9%           61%         4
 Summon Ice Beast         Ice/Summ       8%           63%         4
 Simulacrum               Ice/Necr       15%          67%         6


Dungeon Overview and Level Annotations

Branches:
Dungeon (10/15)            Temple (1/1) D:5
   Lair: D:8-11         Orc: D:9-12

Altars:
Cheibriados
Dithmenos
Fedhas
Hepliaklqana
Kikubaaqudgha
Makhleb
Nemelex Xobeh
Okawaru
Qazlal
Ru
Trog
Uskayaw
Vehumet
Xom
Yredelemnul
Zin
The Shining One

Shops:
D:6 [   D:8 ?

Annotations:
D:2 exclusion: moth of wrath
D:6 3 runed translucent doors, kalagan's ghost, novice DECj; wpisznazwe's ghost, novice SpDe
D:8 2 transporters, Phaedo's ghost, novice DgIE


Innate Abilities, Weirdness & Mutations

You do not drink.
Your flesh is vulnerable to fire.
You are immune to poison.
Your flesh is cold resistant. (rC+)
You are immune to negative energy. (rN+++)
You are immune to unholy pain and torment.
You can survive without breathing.


Message History

* * * LOW HITPOINT WARNING * * *
The phantom completely misses you.
Your surroundings suddenly seem different.
A sky beast comes into view.
An orc wizard comes into view. It is wielding a +0 dagger.
You see here a +0 short sword.
An orc comes into view. It is wielding a +0 flail.
The sky beast hits you.
* * * LOW HITPOINT WARNING * * *
The sky beast shocks you.
* * * LOW HITPOINT WARNING * * *
There is a stone staircase leading up here.
You see here a +0 short sword.
The sky beast flickers out of sight!
Deactivating autopickup; reactivate with Ctrl-A.
Something hits you.
* * * LOW HITPOINT WARNING * * *
Something shocks you.
You die...
Kikubaaqudgha rasps: "You have failed me!
Welcome... oblivion!"

..........#
.........# #.
.#.....###..
##....(......
####..........K.
#...............
#.............#.
#......(........
####....)@{......
##...........#....
.............# ...
#.......#.........
###..#....#l.....
#..##..5#....oo.
## ##.......#..
...5..o###.
.......


You could see an orc warrior (wandering), an iguana (wandering), an orc wizard
(wandering), a shadow imp (wandering), an orc (wandering) and a kobold.

Vanquished Creatures
  A two-headed ogre (D:8)
  A hornet (D:8)
  Menkaure (D:6)
  Edmund (D:4)
  Duvessa (D:5)
  4 phantoms
  2 ice beasts
  4 sky beasts
  5 orc warriors
  2 centaurs (D:6)
  6 ogres
  Blork the orc (D:6)
  A big kobold (D:10)
  4 gnoll sergeants (D:6)
  A bullfrog (D:6)
  Dowan (D:5)
  A scorpion (D:4)
  2 jellies (D:6)
  A quasit (D:6)
  A bullfrog zombie (D:5)
  7 orc priests
  2 gnoll shamans (D:6)
  9 hounds
  A centaur skeleton (D:5)
  8 orc wizards
  Jessica (D:3)
  5 iguanas
  11 worker ants
  12 gnolls (D:6)
  11 adders
  A shadow imp (D:5)
  2 white imps
  2 ufetubi
  An adder skeleton (D:4)
  An adder zombie (D:6)
  6 worms
  3 dart slugs
  5 leopard geckos
  30 orcs
  A ball python (D:6)
  5 bats
  6 giant cockroaches
  10 goblins
  8 hobgoblins
  6 jackals
  4 quokkas
  A ball python zombie (D:5)
  5 frilled lizards
  A giant cockroach zombie (D:5)
  2 jackal skeletons
  6 kobolds
  2 leopard gecko skeletons
  A quokka zombie (D:6)
  10 rats
227 creatures vanquished.

Vanquished Creatures (collateral kills)
  A water moccasin skeleton (D:6)
  A bullfrog skeleton (D:4)
  An orc wizard (D:8)
  An orc (D:8)
4 creatures vanquished.

Grand Total: 231 creatures vanquished

Notes
Turn   | Place    | Note
-------+----------+-------------------------------------------
     0 | D:1      | Gabide the Mummy Necromancer began the quest for the Orb.
     0 | D:1      | Reached XP level 1. HP: 13/13 MP: 4/4
   236 | D:1      | Reached XP level 2. HP: 3/19 MP: 0/5
  1268 | D:2      | Reached XP level 3. HP: 24/24 MP: 5/7
  1408 | D:2      | Reached skill level 5 in Necromancy
  1519 | D:2      | Learned a level 3 spell: Vampiric Draining
  1532 | D:2      | Found a radiant altar of Vehumet.
  1787 | D:2      | Reached XP level 4. HP: 28/30 MP: 0/8
  2088 | D:2      | Noticed a moth of wrath
  2091 | D:2      | Found a bloodstained altar of Trog.
  2617 | D:3      | Noticed Jessica
  2621 | D:3      | Killed Jessica
  2713 | D:3      | Noticed a phantom
  2730 | D:3      | Killed a phantom
  2731 | D:3      | Reached skill level 6 in Necromancy
  2731 | D:3      | Reached XP level 5. HP: 4/35 MP: 9/11
  3206 | D:3      | Learned a level 4 spell: Animate Dead
  3369 | D:3      | Reached XP level 6. HP: 41/41 MP: 9/12
  3881 | D:4      | Reached skill level 7 in Necromancy
  4008 | D:4      | Reached skill level 5 in Spellcasting
  4189 | D:4      | Reached XP level 7. HP: 46/46 MP: 9/14
  4731 | D:4      | Noticed Edmund
  4741 | D:4      | Killed Edmund
  5101 | D:5      | Entered Level 5 of the Dungeon
  5101 | D:5      | Found a burning altar of Makhleb.
  5118 | D:5      | Reached skill level 8 in Necromancy
  5565 | D:5      | Reached XP level 8. HP: 37/53 MP: 0/17
  5907 | D:5      | Reached skill level 1 in Fighting
  6229 | D:5      | Noticed Dowan
  6232 | D:5      | Noticed Duvessa
  6242 | D:5      | Killed Duvessa
  6243 | D:5      | Reached skill level 9 in Necromancy
  6248 | D:5      | Killed Dowan
  6249 | D:5      | Reached skill level 1 in Short Blades
  6389 | D:5      | Found a staircase to the Ecumenical Temple.
  6401 | Temple   | Entered the Ecumenical Temple
  6451 | Temple   | Became a worshipper of Kikubaaqudgha
  7198 | D:6      | Found a runed translucent gate.
  7198 | D:6      | Found a runed translucent gate.
  7198 | D:6      | Found a runed translucent gate.
  7198 | D:6      | Noticed kalagan's ghost (novice DECj)
  7198 | D:6      | Noticed wpisznazwe's ghost (novice SpDe)
  7216 | D:6      | Found a sacrificial altar of Ru.
  7493 | D:6      | Reached skill level 10 in Necromancy
  7682 | D:6      | Reached XP level 9. HP: 59/59 MP: 15/20
  8012 | D:6      | Found Cituirgh's Antique Armour Shoppe.
  8152 | D:6      | Reached * piety under Kikubaaqudgha
  8152 | D:6      | Identified Kikubaaqudgha's Almanac of Necromancy
                  | (Kikubaaqudgha gifted it to you on level 6 of the Dungeon)
  8152 | D:6      | Received a gift from Kikubaaqudgha
  8163 | D:6      | Learned a level 5 spell: Agony
  8166 | D:6      | Learned a level 2 spell: Corpse Rot
  8266 | D:6      | Noticed Blork the orc
  8277 | D:6      | Killed Blork the orc
  8614 | D:6      | Reached skill level 11 in Necromancy
  8699 | D:6      | Noticed Menkaure
  8708 | D:6      | Killed Menkaure
  9767 | D:7      | Found a hide-covered altar of Uskayaw.
 10343 | D:8      | Reached ** piety under Kikubaaqudgha
 10466 | D:8      | Found Meaheow's Magic Scroll Shop.
 10583 | D:8      | HP: 2/61 [orc warrior/+0 dire flail (18)]
 10908 | D:8      | Reached XP level 10. HP: 32/67 MP: 1/23
 11266 | D:8      | Found a transporter.
 11413 | D:8      | Found a bloodstained altar of Trog.
 11421 | D:8      | Found a transporter.
 11434 | D:8      | Noticed Phaedo's ghost (novice DgIE)
 11440 | D:8      | Noticed a moth of wrath
 11448 | D:8      | Noticed a two-headed ogre
 11604 | D:8      | Killed a two-headed ogre
 11605 | D:8      | Reached skill level 12 in Necromancy
 12988 | D:10     | Entered Level 10 of the Dungeon
 13279 | D:10     | Reached *** piety under Kikubaaqudgha
 13279 | D:10     | Identified Kikubaaqudgha's Grimoire of Evil (Kikubaaqudgha
                  | gifted it to you on level 10 of the Dungeon)
 13279 | D:10     | Received a gift from Kikubaaqudgha
 13302 | D:10     | Slain by a sky beast

Illustrated notes

Levels and vault maps discovered:
D:1:      dpeg_arrival_tiny_j, layout_rooms
D:2:      layout_loops_ring, tgw_trog, lemuel_tele_altar
D:3:      layout_loops_ring, uniq_jessica
D:4:      kennysheep_big_flooded_room, layout_gridville, uniq_edmund
D:5:      layout_cave_pools, minmay_temple_entry_crystal_x, basic_altar,
          uniq_duvessa
D:6:      layout_cave_pools, basic_altar, serial_gnoll_camp,
          gnoll_camp_mini_shop, gnoll_camp_mini_hut, gnoll_camp_mini_sergeant,
          gnoll_camp_mini_house, gnoll_camp_medium_01, gnoll_camp_mini_hut,
          gammafunk_ghost_cemetery, minmay_fractal_squares_5, uniq_menkaure,
          uniq_blork_the_orc
D:7:      layout_basic, basic_altar
D:8:      layout_loops_cross, serial_shops, shop,
          gammafunk_ghost_wrathful_warriors
D:9:      layout_basic, serial_glass, glass_columns_a, glass_columns_b,
          kennysheep_dice
D:10:     layout_cave_pools, basic_altar
Temple:   kilobyte_greek_temple

Skill      XL: |  1  2  3  4  5  6  7  8  9 10 |
---------------+-------------------------------+-----
Spellcasting   | 3 4 5 6 7 9 |  9.9
Necromancy     | 5 6 7 8 10 11 12 | 12.6
Fighting       | 1 2 |  2.0
Dodging        | 2 |  2.8
Short Blades   | 1 2 |  2.3
Stealth        | 2 |  2.4
Unarmed Combat | |  0.1

Action                   |  1- 3 |  4- 6 |  7- 9 | 10-12 || total
-------------------------+-------+-------+-------+-------++-------
Melee: Unarmed           |    25 |       |       |       ||    25
       Dagger            |     7 |    27 |   208 |    80 ||   322
 Cast: Pain              |    79 |    96 |   207 |    55 ||   437
       Animate Dead      |       |     2 |     4 |     4 ||    10
       Vampiric Draining |       |       |    42 |    23 ||    65
       Agony             |       |       |     3 |     2 ||     5
       Corpse Rot        |       |       |     2 |       ||     2
  Use: Scroll            |     6 |     4 |    10 |     3 ||    23
 Stab: Sleeping          |       |       |     5 |       ||     5
Armor: Robe              |     9 |     9 |   116 |    44 ||   178
Dodge: Dodged            |    26 |    21 |   224 |    89 ||   360
